 Dungeon Crawl Stone Soup version 0.28.0-55-gcd9437bce4 (webtiles) character file.

Game seed: 17890659984639838775

17771 cbfl8 the Severer (level 12, -2/110 HPs)
             Began as a Minotaur Berserker on Jan 14, 2023.
             Was a High Priest of Trog.
             Slain by a manticore (10 damage)
             ... summoned by an orange crystal statue
             ... on level 11 of the Dungeon.
             The game lasted 00:20:18 (16731 turns).

cbfl8 the Severer (Minotaur Berserker)             Turns: 16731, Time: 00:20:19

Health: -2/110     AC:  9    Str: 21      XL:     12   Next: 21%
Magic:  9/11       EV: 19    Int:  0 (4)  God:    Trog [*****.]
Gold:   814        SH:  0    Dex: 16      Spells: 11/11 levels left

rFire   + . .      SeeInvis .   A - +1 war axe (elec)
rCold   + . .      Faith    .   (no shield)
rNeg    . . .      Spirit   .   K - +0 storm dragon scales
rPois   +          Reflect  .   (helmet restricted)
rElec   +          Harm     .   (no cloak)
rCorr   +          Rampage  .   e - +0 pair of gloves
Will    .....                   f - +0 pair of boots
Stlth   ..........              (no amulet)
HPRegen 0.28/turn               i - +4 ring of evasion
MPRegen 0.12/turn               a - +4 ring of evasion

@: confused, resistant, ambrosia-drunk, corroded, on berserk cooldown, slowed,
lost intelligence, studying Crossbows, unable to read, very slow
A: horns 2, retaliatory headbutt
a: Renounce Religion, Berserk, Trog's Hand, Brothers in Arms


You were on level 11 of the Dungeon.
You worshipped Trog.
Trog was extremely pleased with you.
You visited 1 branch of the dungeon, and saw 11 of its levels.
You also visited: Sewer.

You collected 814 gold pieces.

Inventory:

Hand Weapons
 n - a +4 hand axe of venom
 A - a +1 war axe of electrocution (weapon)
 G - a +0 broad axe
 J - a +5 vorpal battleaxe
Missiles
 D - a throwing net
Armour
 e - a +0 pair of gloves (worn)
 f - a +0 pair of boots (worn)
 p - a +0 chain mail
 K - +0 storm dragon scales (worn)
Jewellery
 a - a +4 ring of evasion (right hand)
 g - a ring of resist corrosion
 i - a +4 ring of evasion (left hand)
 q - a ring of protection from fire
 u - a ring of protection from cold
 C - a ring of see invisible
Wands
 b - a wand of polymorph (5)
 l - a wand of acid (7) (quivered)
 z - a wand of charming (3)
 H - a wand of iceblast (5)
Scrolls
 h - 6 scrolls of teleportation
 j - 2 scrolls of blinking
 o - 3 scrolls of fear
 r - 2 scrolls of fog
 t - 2 scrolls of enchant armour
 y - a scroll of immolation
 B - a scroll of magic mapping {unknown}
 F - a scroll of summoning
 I - a scroll of torment {unknown}
 L - a scroll of identify
 O - a scroll of enchant weapon {unknown}
Potions
 c - 2 potions of cancellation
 k - 2 potions of flight
 m - 2 potions of haste
 s - a potion of curing
 v - a potion of invisibility
 w - a potion of lignification {unknown}
 x - 3 potions of attraction {unknown}
 M - a potion of magic {unknown}
 N - a potion of berserk rage {unknown}
Miscellaneous
 E - a lightning rod (4/4)
 Q - a tin of tremorstones (2/2)


   Skills:
 * Level 11.3 Fighting
 * Level 15.8 Axes
 + Level 9.5 Armour
 * Level 7.7 Dodging
 + Level 1.8 Stealth
 * Level 6.5 Evocations


You had 11 spell levels left.
You didn't know any spells.
Your spell library was empty.

Dungeon Overview and Level Annotations

Branches:
Dungeon (11/15)            Temple (0/1) D:4            Lair (0/6) D:9
  Sewer (visited)
    Orc: D:9-12

Altars:
Cheibriados
Elyvilon
Makhleb
Okawaru
Qazlal
Ru
Wu Jian
Yredelemnul

Shops:
D:4 [   D:10 ((

Annotations:
D:11 exclusion: orange crystal statue


Innate Abilities, Weirdness & Mutations

You have a pair of horns on your head.
You reflexively headbutt those who attack you in melee.


Message History

The yak closely misses you.
The manticore flicks its tail.
The volley of spikes hits your gargoyle but does no damage.
The yak closely misses you.
You are too confused!
A nearby plant withers and dies.
Your gargoyle hits the manticore with a +0 flail!
The yak misses you.
The orc hits your gargoyle with a +0 dagger.
Your gargoyle closely misses the orc.
You are too confused!
You feel better. The yak gores you.
* * * LOW HITPOINT WARNING * * *
The orc hits your gargoyle but does no damage.
Your gargoyle hits the orc with a +0 flail!!
The orc dies!
The orc's corpse dissolves into shadows!
The orange crystal statue fixes its piercing gaze on you.
Something tries to feed on your intellect!
The manticore barely misses you.
The manticore claws you but does no damage.
The manticore closely misses you. The yak gores you!
* * * LOW HITPOINT WARNING * * *
You feel protected.
The orange crystal statue glitters.
You are confused.
Your gargoyle hits the manticore with a +0 flail!
The yak barely misses you. The manticore bites you!
* * * LOW HITPOINT WARNING * * *
The manticore barely misses you. The manticore claws you.
* * * LOW HITPOINT WARNING * * *
The orc misses you.
The orc warrior hits you but does no damage.
The orange crystal statue glitters.
You are more confused.
Your gargoyle hits the manticore with a +0 flail.
You are more confused.
You feel invigorated. The manticore completely misses you.
The manticore claws you!
You die...

###...###.....###
##......##...###
##.)[(....#.###
#.$P.P(...###
#.|.8.}.#.:##
#.[...!.#...#
##.$)9.###..##
#oYH.## ##..##
#o@### ###...#
#..# ##.##..##
#.## #...##..##
##.#
##.)###..####
##..#
##..#.......
#..## #.....#####
##.# ###...## #
#..# ##....##
#..#
###...#########


You could see an orange crystal statue, a manticore (summoned), a yak
(summoned), an orc warrior (summoned), an orc (summoned) and a friendly gargoyle
(charmed, summoned, skewered).

Vanquished Creatures
  A storm dragon (D:10)
  A fire giant (D:10)
  Erica (D:8)
  A death yak (D:9)
  A deep elf zephyrmancer (D:10)
  A wolf spider (D:10)
  An orc knight (D:11)
  An ugly thing (D:10)
  A cyclops (D:10)
  A gargoyle (D:11)
  Maggie (D:8)
  An unseen horror (D:11)
  2 kobold demonologists (D:7)
  2 trolls (D:10)
  A polar bear (D:9)
  Prince Ribbit (D:6)
  Sigmund (D:2)
  A wraith (D:10)
  A shadow (D:11)
  12 yaks
  A basilisk (D:10)
  Eustachio (D:6)
  3 steam dragons
  3 water moccasins
  13 orc warriors
  2 ice beasts
  A sky beast (D:6)
  2 black bears
  3 necrophages
  An ogre (D:4)
  2 phantoms (D:6)
  4 centaurs
  Blork the orc (D:6)
  4 kobold brigands
  A gnoll sergeant (D:8)
  6 bullfrogs
  3 scorpions
  A hornet simulacrum (D:9)
  20 killer bees
  A wight (D:10)
  5 howler monkeys
  4 hounds
  A gnoll shaman (D:8)
  A jelly (D:6)
  6 centaur zombies
  8 orc priests
  A centaur skeleton (D:7)
  Jessica (D:2)
  4 iguanas
  9 orc wizards
  Natasha (thrice) (D:2)
  A killer bee zombie (D:8)
  A centaur simulacrum (D:9)
  A hound skeleton (D:5)
  A howler monkey zombie (D:9)
  10 adders
  14 gnolls
  A howler monkey skeleton (D:4)
  5 white imps
  A howler monkey simulacrum (D:9)
  2 ufetubi
  5 dart slugs
  36 orcs
  3 bats
  17 endoplasms
  8 giant cockroaches
  6 goblins
  5 hobgoblins
  6 kobolds
  9 quokkas
  17 ball pythons
  11 frilled lizards
  4 rats
313 creatures vanquished.

Vanquished Creatures (others)
  6 plants (D:11)
6 creatures vanquished.

Grand Total: 319 creatures vanquished

Notes
Turn   | Place    | Note
-------+----------+-------------------------------------------
     0 | D:1      | cbfl8 the Minotaur Berserker began the quest for the Orb.
     0 | D:1      | Reached XP level 1. HP: 19/19 MP: 0/0
   162 | D:1      | Found a faded altar of an unknown god.
   384 | D:1      | Reached XP level 2. HP: 25/27 MP: 1/1
   845 | D:1      | Reached skill level 4 in Axes
  1452 | D:2      | Noticed Natasha
  1463 | D:2      | Killed Natasha
  1464 | D:2      | Reached skill level 5 in Fighting
  1464 | D:2      | Reached XP level 3. HP: 15/36 MP: 2/2
  1950 | D:2      | Noticed Natasha
  1961 | D:2      | Killed Natasha
  1962 | D:2      | Reached XP level 4. HP: 40/42 MP: 3/3
  1978 | D:2      | Noticed Natasha
  2285 | D:2      | Noticed Sigmund
  2296 | D:2      | Killed Sigmund
  2297 | D:2      | Reached skill level 5 in Axes
  2297 | D:2      | Reached skill level 1 in Evocations
  2297 | D:2      | Reached XP level 5. HP: 49/49 MP: 4/4
  2354 | D:2      | Noticed Jessica
  2360 | D:2      | Killed Jessica
  2361 | D:2      | Reached skill level 1 in Stealth
  2361 | D:2      | Reached XP level 6. HP: 49/57 MP: 5/5
  4235 | D:2      | Killed Natasha
  4249 | D:3      | Reached skill level 6 in Axes
  4930 | D:4      | Found Juant's Antique Armour Boutique.
  4946 | D:4      | Reached ** piety under Trog
  5000 | D:4      | Reached XP level 7. HP: 55/63 MP: 6/6
  5155 | D:4      | Found an iron altar of Okawaru.
  5377 | D:4      | Found a staircase to the Ecumenical Temple.
  5730 | D:3      | Reached skill level 7 in Axes
  6363 | D:5      | Entered Level 5 of the Dungeon
  6447 | D:5      | Reached skill level 8 in Axes
  6447 | D:5      | Reached XP level 8. HP: 67/71 MP: 7/7
  6574 | D:5      | Found a glowing drain.
  6579 | Sewer    | Entered a sewer
  6640 | Sewer    | Reached *** piety under Trog
  6847 | Sewer    | Reached **** piety under Trog
  7221 | D:5      | Reached skill level 9 in Axes
  8154 | D:6      | Reached XP level 9. HP: 80/80 MP: 8/8
  8168 | D:6      | Reached skill level 10 in Axes
  8168 | D:6      | Reached skill level 5 in Armour
  8265 | D:6      | Noticed Blork the orc
  8266 | D:6      | Noticed Prince Ribbit
  8270 | D:6      | Killed Prince Ribbit
  8274 | D:6      | Killed Blork the orc
  8348 | D:6      | Reached skill level 5 in Dodging
  8813 | D:6      | Found a snail-covered altar of Cheibriados.
  8835 | D:6      | Found a stormy altar of Qazlal.
  8884 | D:6      | Noticed Eustachio
  8904 | D:6      | Killed Eustachio
  8929 | D:6      | Reached skill level 11 in Axes
  9226 | D:7      | Noticed a kobold demonologist
  9227 | D:7      | Noticed a kobold demonologist
  9228 | D:7      | Noticed a smoke demon
  9231 | D:7      | Noticed a hellwing
  9232 | D:7      | Noticed a sixfirhy
  9234 | D:7      | Noticed a red devil
  9235 | D:7      | Killed a kobold demonologist
  9240 | D:7      | Killed a kobold demonologist
  9553 | D:7      | Reached XP level 10. HP: 76/90 MP: 9/9
 10036 | D:7      | Reached skill level 12 in Axes
 10369 | D:8      | Found an ornate altar of the Wu Jian Council.
 10448 | D:8      | Noticed Maggie
 10464 | D:8      | Killed Maggie
 10769 | D:8      | Reached ***** piety under Trog
 10964 | D:8      | Noticed Erica
 10971 | D:8      | Killed Erica
 10975 | D:8      | Reached skill level 13 in Axes
 10978 | D:8      | Reached skill level 5 in Evocations
 11318 | D:9      | Found a staircase to the Lair.
 11403 | D:9      | Found a basalt altar of Yredelemnul.
 11403 | D:9      | Found a burning altar of Makhleb.
 11403 | D:9      | Found a white marble altar of Elyvilon.
 11743 | D:9      | Noticed a death yak
 11760 | D:9      | Killed a death yak
 11761 | D:9      | Reached XP level 11. HP: 76/99 MP: 10/10
 12369 | D:10     | Entered Level 10 of the Dungeon
 12369 | D:10     | Found Toul's Antique Weapon Emporium.
 12680 | D:10     | Found a sacrificial altar of Ru.
 13035 | D:10     | Found Luwyel's Antique Weapon Shop.
 13040 | D:10     | Noticed a white ugly thing
 13054 | D:10     | Killed a white ugly thing
 13469 | D:10     | Noticed a deep elf zephyrmancer
 13496 | D:10     | Killed a deep elf zephyrmancer
 13497 | D:10     | Reached skill level 10 in Fighting
 13616 | D:10     | Reached skill level 14 in Axes
 13627 | D:10     | Noticed a storm dragon
 13640 | D:10     | Killed a storm dragon
 14039 | D:10     | Received a gift from Trog
 14044 | D:10     | Noticed a wolf spider
 14067 | D:10     | Killed a wolf spider
 14186 | D:10     | Noticed a fire giant
 14334 | D:10     | HP: 4/101 [fire giant/bolt of fire (31)]
 14335 | D:10     | Killed a fire giant
 14336 | D:10     | Reached skill level 15 in Axes
 15718 | D:11     | Noticed an orange crystal statue
 15723 | D:11     | Noticed a two-headed ogre
 15777 | D:11     | Reached XP level 12. HP: 101/110 MP: 11/11
 16708 | D:11     | Noticed a four-headed hydra
 16709 | D:11     | Lost intelligence.
 16730 | D:11     | HP: 2/110 [manticore[an orange crystal statue] (16)]
 16731 | D:11     | Slain by a manticore

Illustrated notes

Levels and vault maps discovered:
D:1:      eino_arrival_cavern_b, layout_loops_ring, basic_ecumenical_altar
D:2:      layout_loops_ring, uniq_sigmund, uniq_natasha, uniq_jessica
D:3:      layout_rooms, chequers_arboretum, serial_park_tiny_2,
          due_unseen_surprise
D:4:      layout_rooms, okawaru_altar_gauntlet_db,
          minmay_temple_entry_large_hall, serial_shops,
          nicolae_shop_window_shopping
D:5:      layout_loops_ring, gup_sewer_entry_bowl
D:6:      layout_gridville, kennysheep_slug_shrine,
          nicolae_qazlal_general_emergency, uniq_prince_ribbit1, uniq_eustachio,
          uniq_blork_the_orc
D:7:      layout_basic
D:8:      layout_rooms, mainiacjoe_overflow_small_starburst,
          minmay_misc_feat_iff, uniq_maggie, uniq_erica
D:9:      layout_roguey, gammafunk_temple_overflow_claw, lair_entry_dummy,
          serial_ice, serial_ice_f, serial_ice_d, serial_ice_g, serial_ice_c
D:10:     nicolae_hexawheel, layout_basic, kennysheep_mini, serial_shops,
          nicolae_take_the_stairs, nicolae_stop_n_shop_2
D:11:     layout_cave_pods, special_room [special_room_orc], grunt_ministairs_3,
          kennysheep_diamond, minmay_protected_statue

Skill      XL: |  1  2  3  4  5  6  7  8  9 10 11 |
---------------+----------------------------------+-----
Fighting       | 4 5 6 7 8 9 11 | 11.3
Axes           | 4 5 6 8 9 11 13 15 | 15.8
Evocations     | 1 2 3 4 5 6 |  6.5
Dodging        | 3 4 5 6 7 |  7.7
Stealth        | 1 |  1.8
Armour         | 3 4 6 7 9 |  9.5

Action                   |  1- 3 |  4- 6 |  7- 9 | 10-12 || total
-------------------------+-------+-------+-------+-------++-------
Melee: Hand axe          |    52 |    85 |   309 |   103 ||   549
       Headbutt          |     8 |    11 |    47 |    90 ||   156
       Punch             |       |     1 |     2 |     8 ||    11
       War axe           |       |       |       |   279 ||   279
Invok: Berserk           |       |     2 |     2 |     8 ||    12
Evoke: Wand              |       |       |       |    13 ||    13
  Use: Scroll            |       |     4 |     7 |     6 ||    17
       Potion            |       |       |       |     3 ||     3
Armor: Animal skin       |    12 |       |       |       ||    12
       Ring mail         |       |    30 |     8 |       ||    38
       Chain mail        |       |       |    60 |    68 ||   128
       Storm dragon scal |       |       |       |    71 ||    71
Dodge: Dodged            |    30 |    55 |   239 |   344 ||   668
